AoeStats
← Le Noob

Lombardia

508238368Analyzed
2v2 RM · 11d ago on Sep 21, 2026· 18m 51s· 4 players
Game mode
Random Map
Map size
Medium (4 player)
Population
200
Speed
Normal
Resources
Standard
Victory
Conquest
Starting age
Dark Age
Ending age
Imperial Age
RankedLock teamsTeams togetherTeam positionsShared explorationLock speedFull tech treeHidden civsTurbo modeCheats
Victory
Defeat
🇲🇽 Magyars · Mexico
1521
+13
🇧🇷 Britons · Brazil
1390
+19
🇫🇷 Persians · France
1477
-17
🇫🇷 Vietnamese · France
1422
-15
La Légende [Tuc]
4:46 Loom
9:50 Feudal Age
10:50 Double-Bit Axe
12:17 Horse Collar
Le Noob
5:30 Loom
8:57 Feudal Age
13:52 Fletching
GAX | ERV
9:01 Feudal Age
11:14 Double-Bit Axe
11:40 Loom
12:51 Horse Collar
15:23 Wheelbarrow
18:48 Gold Mining
21:28 Castle Age
T0P_Obelisk
6:55 Loom
9:13 Feudal Age
15:20 Fletching
15:31 Padded Archer Armor
Connection lost

Rejoining the realm…

Still unreachable

The connection could not be restored.

Session expired

The server has moved on; the page needs a fresh start.